 Dungeon Crawl Stone Soup version 0.26-a0-683-g5206c1d (webtiles) character file.

Game seed: 12089588583855952492

9421 Mopster the Cleaver (level 11, -14/105 HPs)
             Began as a Minotaur Berserker on Oct 22, 2020.
             Was a High Priest of Trog.
             Demolished by a phantasmal warrior (22 damage)
             ... on level 1 of the Abyss.
             The game lasted 00:30:32 (9102 turns).

Mopster the Cleaver (Minotaur Berserker)            Turns: 9102, Time: 00:30:33

Health: -14/105    AC: 20    Str: 30    XL:     11   Next: 22%
Magic:  2/10       EV: 25    Int:  4    God:    Trog [*****.]
Gold:   610        SH:  0    Dex: 11    Spells: 10/10 levels left

rFire    . . .     SeeInvis .   u - +3 battleaxe
rCold    . . .     Faith    .   (shield currently unavailable)
rNeg     . . .     Spirit   .   q - +0 plate armour
rPois    .         Reflect  .   F - +1 hat
rElec    .         Harm     .   b - +0 cloak
rCorr    .         Rampage  .   i - +0 pair of gloves
MR       .....                  t - +0 pair of boots
Stlth    ..........             s - amulet of the acrobat
HPRegen  0.27/turn              w - +6 ring of strength
MPRegen  0.12/turn              (no ring)

@: acrobat, studying Fighting
A: retaliatory headbutt, horns 2
a: Berserk, Trog's Hand, Brothers in Arms, Renounce Religion


You were on level 1 of the Abyss.
You worshipped Trog.
Trog was extremely pleased with you.
You visited 1 branch of the dungeon, and saw 10 of its levels.
You visited the Abyss 1 time.

You collected 610 gold pieces.

Inventory:

Hand Weapons
 u - a +3 battleaxe (weapon)
Armour
 b - a +0 cloak (worn)
 i - a +0 pair of gloves (worn)
 q - a +0 plate armour (worn)
 t - a +0 pair of boots (worn)
 F - a +1 hat (worn)
Jewellery
 s - an amulet of the acrobat (around neck)
 v - the ring of Tekhlur {+Blink rF- MR+ Str+6}
   (You took it off a deep elf mage on level 9 of the Dungeon)

   [ring of strength]

   It affects your strength (+6).
   It makes you vulnerable to fire.
   It affects your resistance to hostile enchantments.
   It lets you blink.
 w - a +6 ring of strength (left hand)
 B - an uncursed ring of fire
Wands
 m - a wand of random effects (27)
 E - a wand of enslavement (14)
Scrolls
 a - 7 scrolls of teleportation
 c - a scroll of blinking
 d - a scroll of identify
 e - 2 scrolls of enchant weapon
 l - 4 scrolls of immolation
 o - 2 scrolls of fog
 p - 2 scrolls of enchant armour {unknown}
 y - 3 scrolls of remove curse
 z - 2 scrolls of fear
Potions
 f - 2 potions of heal wounds
 h - 2 potions of ambrosia {unknown}
 j - 6 potions of mutation {unknown}
 k - a potion of brilliance {unknown}
 n - a potion of lignification {unknown}
 r - a potion of berserk rage {unknown}
 x - a potion of might {unknown}
 A - a potion of haste {unknown}
 C - a potion of invisibility {unknown}
 D - 2 potions of curing {unknown}
 G - a potion of stabbing {unknown}
Books
 g - a manual of Fighting


   Skills:
 * Level 12.4 Fighting
 + Level 14.3 Axes
 + Level 10.4 Armour
 + Level 5.0 Dodging


You had 10 spell levels left.
You didn't know any spells.
Your spell library was empty.

Dungeon Overview and Level Annotations

Branches:
Dungeon (10/15)            Temple (0/1) D:6             Orc (0/2) D:9
   Lair: D:8-11

Altars:
Ashenzari
Cheibriados
Dithmenos
Hepliaklqana
Nemelex Xobeh
Okawaru
Ru
Sif Muna
Trog
Wu Jian
Xom
Yredelemnul
Zin

Annotations:
D:10 Sonja


Innate Abilities, Weirdness & Mutations

You reflexively headbutt those who attack you in melee.
You have a pair of horns on your head.


Message History

A spatial vortex comes into view.
You recover from your berserk rage.
The spatial maelstrom barely misses you.
You furiously retaliate!
You headbutt the spatial maelstrom.
The spatial maelstrom closely misses you.
The ynoxinul gestures.
The spatial maelstrom closely misses you.
The spatial maelstrom completely misses you.
The spatial maelstrom completely misses you.
The spatial maelstrom closely misses you.
The phantasmal warrior blinks!
The spatial maelstrom hits you but does no damage.
The spatial maelstrom hits you!
* * * LOW HITPOINT WARNING * * *
Space warps horribly around you!
* * * LOW HITPOINT WARNING * * *
The phantasmal warrior hits you but does no damage.
The spatial maelstrom barely misses you.
The spatial maelstrom misses you. The phantasmal warrior hits you!!
You die...

.. #. ##...####.#.
... #.##..#v##...#..#
. #.##...#5..v..#.#
.. #.
#....v#§#.#.#..# .
... ##.....55.#.#.§#
.... #....#3##.# ...#
..#..#.#5#..#.#3###..
#.....W..###. 5# ##..
.###.@v..### G# #.#
#....#....# +.+ #.
#.#..###### .# ##.##
... #.. #. .#


You could see a spatial maelstrom, a spatial vortex, a phantasmal warrior, a
ynoxinul and 3 ufetubi.

Vanquished Creatures
  A thrashing horror (Abyss:1)
  Nergalle (D:10)
  A deep elf mage (D:9)
  An ugly thing (D:9)
  Joseph (D:8)
  A smoke demon (Abyss:1)
  3 trolls
  2 hornets
  Grinder (D:5)
  A wraith (D:10)
  Duvessa (D:6)
  A small abomination (Abyss:1)
  A sky beast (D:6)
  2 ice beasts
  2 orc warriors (D:9)
  7 ogres
  4 phantoms
  A black bear (D:5)
  A necrophage (D:7)
  2 centaurs
  3 big kobolds
  A big kobold (shapeshifter) (D:9)
  Blork the orc (D:6)
  7 bullfrogs
  4 gnoll sergeants (D:9)
  Dowan (D:6)
  5 scorpions
  2 killer bees (D:9)
  A wight (D:9)
  4 howler monkeys
  A centaur zombie (D:7)
  A quasit (D:10)
  4 jellies
  4 bullfrog skeletons
  4 hounds
  9 orc priests
  4 centaur skeletons
  A gnoll shaman (D:5)
  An iguana (D:6)
  Jessica (D:3)
  8 orc wizards
  9 worker ants
  5 hound skeletons
  15 gnolls
  A worker ant zombie (D:9)
  15 adders
  2 shadow imps
  3 white imps
  3 ufetubi
  An ooze (D:2)
  An adder zombie (D:6)
  A worm (D:3)
  4 dart slugs
  6 leopard geckos
  59 orcs
  5 giant cockroaches
  9 goblins
  10 hobgoblins
  4 jackals
  9 kobolds
  4 quokkas
  14 bats
  4 frilled lizards
  A quokka skeleton (D:5)
  6 rats
293 creatures vanquished.

Notes
Turn   | Place    | Note
-------+----------+-------------------------------------------
     0 | D:1      | Mopster the Minotaur Berserker began the quest for the Orb.
     0 | D:1      | Reached XP level 1. HP: 19/19 MP: 0/0
     2 | D:1      | Noticed a dwarf
     3 | D:1      | Noticed a merfolk
     5 | D:1      | Noticed a centaur
     7 | D:1      | Noticed a formicid
     9 | D:1      | Noticed a naga
     9 | D:1      | Noticed a ghoul
    11 | D:1      | Noticed a demonspawn
    11 | D:1      | Noticed a gargoyle
    13 | D:1      | Noticed a vampire
    15 | D:1      | Noticed a spriggan
    15 | D:1      | Noticed a troll
    17 | D:1      | Noticed an ogre
    17 | D:1      | Noticed a draconian
    19 | D:1      | Noticed an elf
    19 | D:1      | Noticed a human
    21 | D:1      | Noticed a felid
    21 | D:1      | Noticed a minotaur
    23 | D:1      | Noticed a tengu
    25 | D:1      | Noticed a halfling
    25 | D:1      | Noticed a demigod
    27 | D:1      | Noticed a vine stalker
    27 | D:1      | Noticed an octopode
   106 | D:1      | Reached skill level 4 in Axes
   106 | D:1      | Reached XP level 2. HP: 12/27 MP: 1/1
   790 | D:1      | Reached XP level 3. HP: 32/34 MP: 2/2
   965 | D:1      | Reached ** piety under Trog
  1560 | D:2      | Reached XP level 4. HP: 38/41 MP: 3/3
  1719 | D:2      | Found an ornate altar of the Wu Jian Council.
  1726 | D:2      | Found a shadowy altar of Dithmenos.
  1729 | D:2      | Found a hazy altar of Hepliaklqana.
  1730 | D:2      | Found a sparkling altar of Nemelex Xobeh.
  1731 | D:2      | Found a sacrificial altar of Ru.
  1990 | D:2      | Found a shimmering altar of Xom.
  2044 | D:3      | Reached skill level 5 in Axes
  2221 | D:3      | Reached XP level 5. HP: 47/47 MP: 4/4
  2337 | D:3      | Reached *** piety under Trog
  2407 | D:3      | Reached skill level 6 in Axes
  2410 | D:3      | Reached skill level 5 in Fighting
  2410 | D:3      | Reached XP level 6. HP: 51/56 MP: 5/5
  2559 | D:3      | Noticed Jessica
  2568 | D:3      | Killed Jessica
  3017 | D:4      | Reached skill level 7 in Axes
  3244 | D:4      | Reached XP level 7. HP: 55/61 MP: 6/6
  3298 | D:4      | Reached **** piety under Trog
  3448 | D:4      | Noticed a troll
  3456 | D:4      | Killed a troll
  3456 | D:4      | Reached skill level 8 in Axes
  4002 | D:5      | Entered Level 5 of the Dungeon
  4047 | D:5      | Reached skill level 5 in Armour
  4047 | D:5      | Reached XP level 8. HP: 59/70 MP: 7/7
  4146 | D:5      | Noticed Grinder
  4159 | D:5      | Killed Grinder
  4159 | D:5      | Reached skill level 9 in Axes
  4641 | D:5      | Reached skill level 10 in Axes
  4955 | D:5      | Noticed an angel
  4956 | D:5      | Found a glowing silver altar of Zin.
  4974 | D:6      | Found a staircase to the Ecumenical Temple.
  5140 | D:6      | Noticed Dowan
  5141 | D:6      | Noticed Duvessa
  5146 | D:6      | Reached XP level 9. HP: 74/78 MP: 8/8
  5153 | D:6      | Killed Duvessa
  5160 | D:6      | Killed Dowan
  5181 | D:6      | Noticed Blork the orc
  5194 | D:6      | Killed Blork the orc
  5223 | D:6      | Reached skill level 11 in Axes
  5402 | D:6      | Found a shimmering blue altar of Sif Muna.
  5706 | D:7      | Reached ***** piety under Trog
  6103 | D:7      | Reached skill level 12 in Axes
  6121 | D:7      | Found an iron altar of Okawaru.
  6474 | D:8      | Noticed Joseph
  6477 | D:8      | Received a gift from Trog
  6485 | D:8      | Killed Joseph
  6485 | D:8      | Reached XP level 10. HP: 88/88 MP: 9/9
  6730 | D:8      | Found a bloodstained altar of Trog.
  7089 | D:9      | Identified a scroll of acquirement
  7107 | D:9      | Acquired a manual of Fighting
  7574 | D:9      | Found a broken altar of Ashenzari.
  7575 | D:9      | Found a snail-covered altar of Cheibriados.
  7575 | D:9      | Found a basalt altar of Yredelemnul.
  7575 | D:9      | Found a broken altar of Ashenzari.
  7588 | D:9      | Reached skill level 13 in Axes
  7606 | D:9      | Noticed a white ugly thing
  7611 | D:9      | Killed a white ugly thing
  7611 | D:9      | Reached skill level 10 in Fighting
  7662 | D:9      | Identified the +8 glaive of Destruction {speed, rF- rN+
                  | Int+3 Stlth+}
  7662 | D:9      | Identified the ring of Tekhlur {+Blink rF- MR+ Str+6}
  7662 | D:9      | Noticed a deep elf mage
  7674 | D:9      | Killed a deep elf mage
  8131 | D:9      | Reached skill level 10 in Armour
  8244 | D:9      | Reached skill level 5 in Dodging
  8314 | D:9      | Found a staircase to the Orcish Mines.
  8724 | D:10     | Entered Level 10 of the Dungeon
  8840 | D:10     | Noticed Nergalle
  8850 | D:10     | Killed Nergalle
  8850 | D:10     | Reached skill level 14 in Axes
  8850 | D:10     | Reached XP level 11. HP: 104/104 MP: 10/10
  8919 | D:10     | Noticed Sonja
  8961 | D:10     | Cast into level 1 of the Abyss (Sonja)
  8981 | Abyss:1  | Noticed a wizard
  9003 | Abyss:1  | Noticed a bone dragon
  9045 | Abyss:1  | Noticed a thrashing horror
  9055 | Abyss:1  | Killed a thrashing horror
  9074 | Abyss:1  | Noticed a spatial maelstrom
  9079 | Abyss:1  | Noticed a phantasmal warrior
  9102 | Abyss:1  | Demolished by a phantasmal warrior

Illustrated notes

Levels and vault maps discovered:
D:1:      kb_arrival_jail, layout_basic
D:2:      layout_loops_ring, minitemple, tgw_xom
D:3:      layout_rooms, minmay_randomly_rotated_circles, uniq_jessica
D:4:      layout_layer_cave
D:5:      wad_crossroads, layout_basic, zin_angel, uniq_grinder
D:6:      layout_gridville, lemuel_crystal_altar, minmay_temple_entry_arrows,
          uniq_duvessa, uniq_blork_the_orc
D:7:      layout_cave_pools, old_standard_altar, roderic_serpentine_path
D:8:      layout_basic, bloody_trog, uniq_joseph
D:9:      minmay_the_grid_octo_2x2 [minmay_the_grid_octo_fan_narrow,
          minmay_the_grid_octo_focus, minmay_the_grid_octo_shrine,
          minmay_the_grid_octo_prize_ultimate_mussel_roller], layout_long_grid,
          kennysheep_orc_monster_closet_entryway
D:10:     layout_basic, uniq_erica, uniq_nergalle, uniq_sonja
Abyss:1:  base: D:8, evilmike_abyss_exit_plants, evilmike_abyss_exit_plants,
          evilmike_abyss_exit_5, evilmike_abyss_exit_10

Skill      XL: |  1  2  3  4  5  6  7  8  9 10 |
---------------+-------------------------------+-----
Axes           | 4 5 6 7 8 10 12 14 | 14.3
Fighting       | 4 5 6 8 12 | 12.4
Dodging        | 3 4 5 |  5.0
Armour         | 3 4 5 7 9 10 | 10.4

Action                   |  1- 3 |  4- 6 |  7- 9 | 10-12 || total
-------------------------+-------+-------+-------+-------++-------
Melee: Hand axe          |    83 |   103 |   209 |       ||   395
       Headbutt          |    13 |    15 |    68 |    46 ||   142
       War axe           |       |       |    80 |    79 ||   159
       Battleaxe         |       |       |       |   102 ||   102
Invok: Berserk           |       |     4 |     8 |     7 ||    19
Evoke: Wand              |       |       |       |     1 ||     1
  Use: Scroll            |       |       |     9 |     4 ||    13
 Stab: Sleeping          |     1 |       |       |       ||     1
Armor: Animal skin       |    18 |       |       |       ||    18
       Ring mail         |       |    39 |       |       ||    39
       Plate armour      |       |    12 |   145 |    90 ||   247
Dodge: Dodged            |    50 |    63 |   118 |   159 ||   390

Table legend: (Time is in decaauts)
 A = Elapsed time spent in this place.
 B = Non-inter-level travel time spent in this place.
 C = Inter-level travel time spent in this place.
 D = Time resting spent in this place.
 E = Time spent auto-exploring this place.
 F = Levels seen in this place.
 G = Mean time per level.
                   A        B        C        D        E       F      G
               +--------+--------+--------+--------+--------+-----+--------+
         Total |   9233 |   8567 |    666 |    261 |   6368 |  11 |  839.4 |
       Dungeon |   9067 |   8401 |    666 |    242 |   6368 |  10 |  906.7 |
         Abyss |    165 |    165 |      0 |     19 |      0 |   1 |  165.0 |
               +--------+--------+--------+--------+--------+-----+--------+

Top non-repeatable levels by time:
     D:9: 1665 daAuts
     D:4: 1274 daAuts
     D:1: 1249 daAuts
     D:5: 975 daAuts
     D:2: 799 daAuts
     D:3: 733 daAuts
     D:8: 724 daAuts
     D:6: 708 daAuts
     D:7: 687 daAuts
    D:10: 249 daAuts
 Abyss:1: 165 daAuts
